 Dungeon Crawl Stone Soup version 0.19.5 (webtiles) character file.

189 Hybris the Slasher (level 5, -2/41 HPs)
             Began as a Demonspawn Chaos Knight on Mar 25, 2017.
             Slain by a tengu (3 damage)
             ... on level 4 of the Dungeon.
             The game lasted 00:10:29 (2782 turns).

Hybris the Slasher (Demonspawn Chaos Knight)        Turns: 2782, Time: 00:10:29

Health: -2/41      AC:  7    Str: 12 (14) XL:     5   Next: 40%
Magic:  5/5        EV: 13    Int: 10 (13) God:    Xom [.*....]
Gold:   323        SH:  0    Dex: 11 (12) Spells: 2 memorised, 1 level left

rFire  . . .     SeeInvis .     a - +0 falchion (chaos)
rCold  . . .     Gourm    .     b - +3 leather armour
rNeg   . . .     Faith    .     (no shield)
rPois  .         Spirit   .     (helmet restricted)
rElec  .         Reflect  .     p - +0 cloak
rCorr  +         Harm     .     (no gloves)
MR     .....                    (no boots)
Stlth  ..........               (no amulet)
                                g - ring of loudness (curse)
                                d - ring of resist corrosion

@: flying
A: antennae 1, repulsion field 1
a: Renounce Religion


You were on level 4 of the Dungeon.
You worshipped Xom.
You were a plaything of Xom.
You were hungry.

You visited 1 branch of the dungeon, and saw 4 of its levels.

You collected 323 gold pieces.

Inventory:

Hand Weapons
 a - a +0 falchion of chaos (weapon)
Armour
 b - a +3 leather armour (worn)
 p - a +0 cloak (worn)
Jewellery
 d - a ring of resist corrosion (left hand)
 g - a cursed ring of loudness (right hand)
 s - an uncursed ring of magical power {unknown}
Scrolls
 f - 2 scrolls of teleportation {unknown}
 k - 7 scrolls of identify
 q - a scroll of enchant armour
Potions
 h - a potion of resistance {unknown}
 j - a potion of curing
 n - a potion of agility
Books
 e - a book of Changes

   Spells                             Type                      Level
   a - Beastly Appendage              Transmutation                1
   b - Sticks to Snakes               Transmutation                2
   c - Spider Form                    Transmutation/Poison         3
   d - Ice Form                       Ice/Transmutation            4
   e - Blade Hands                    Transmutation                5
Comestibles
 c - 2 bread rations
 m - 2 meat rations
 r - 3 chunks of flesh


   Skills:
 - Level 3.2 Fighting
 * Level 4.9 Long Blades
 - Level 1.7 Armour
 - Level 0.8 Dodging
 + Level 2.1 Transmutations


You had one spell level left.
You knew the following spells:

 Your Spells              Type           Power        Failure   Level  Hunger
a - Beastly Appendage     Tmut           #.....       21%         1    ##.....
b - Sticks to Snakes      Tmut           #.......     34%         2    ###....


Dungeon Overview and Level Annotations

Branches:
Dungeon (4/15)
 Temple: D:4-7

Altars:
Xom


Innate Abilities, Weirdness & Mutations

You have a pair of small antennae on your head.
You are surrounded by a mild repulsion field. (EV +2)


Message History

There was something very wrong with that liquid.
You feel weakened.
You feel dopey.
You feel clumsy.
You are feeling hungry.
Something hits you but does no damage. Something barely misses you.
Something claws you but does no damage.
It was a potion of flight.
You feel very buoyant.
You fly up into the air.
Xom thinks this is hilarious!
Something hits you.
* * * LOW HITPOINT WARNING * * *
Something pecks you.
* * * LOW HITPOINT WARNING * * *
Something claws you but does no damage.
It was a potion of cure mutation.
It has a very clean taste.
Xom roars with laughter!
Something barely misses you. Something pecks you.
* * * LOW HITPOINT WARNING * * *
Something claws you.
You die...

...## # # #.... .#. #...#
#.# #>#.# #.# .# #...# #.#
.# ###)# #.# .# #.# #.# .#
#{# ###.###.# .. #@#####
#.....#.# #.
##.....###.###.#.#
#...............# #...#
#.#########.###.###.###
#..## #.# #.....#
.#####...## #.# ###.###
.........<######.#####.###
#....)......##.#.......#
.#....................#.#


There were no monsters in sight!

Vanquished Creatures
  Jessica (D:2)
  Natasha (twice) (D:2)
  5 adders
  An ooze (D:2)
  2 worms
  A dart slug (D:3)
  2 leopard geckos (D:1)
  An orc (D:4)
  3 bats
  A giant cockroach (D:3)
  11 goblins
  8 hobgoblins
  A ball python skeleton (D:4)
  4 frilled lizards
  6 kobolds
  11 rats
  A fungus (D:3)
61 creatures vanquished.

Notes
Turn   | Place    | Note
-------+----------+-------------------------------------------
     0 | D:1      | Hybris the Demonspawn Chaos Knight began the quest for the Orb.
     0 | D:1      | Reached XP level 1. HP: 18/18 MP: 1/1
   170 | D:1      | Reached skill level 3 in Long Blades
   204 | D:1      | XOM: harmless Chrm miscast
   211 | D:1      | Gained mutation: You have a pair of small antennae on your head. [demonic ancestry]
   211 | D:1      | Reached XP level 2. HP: 17/24 MP: 2/2
   272 | D:1      | XOM: polymorph goblin -> goblin
   559 | D:1      | XOM is BORED!
   559 | D:1      | XOM: medium Hex miscast
   624 | D:2      | XOM: smoke on damage
   675 | D:2      | Gained mutation: You are surrounded by a mild repulsion field. (EV +2) [demonic ancestry]
   675 | D:2      | Reached XP level 3. HP: 29/29 MP: 3/3
   716 | D:2      | Learned a level 1 spell: Beastly Appendage
   869 | D:2      | XOM: enchant monster (good)
   875 | D:2      | Reached skill level 4 in Long Blades
   889 | D:2      | Reached skill level 1 in Transmutations
   932 | D:2      | XOM: harmless Air miscast
   977 | D:2      | XOM: butterfly on damage
  1108 | D:2      | XOM: 2-stop teleportation journey
  1109 | D:2      | Noticed Natasha
  1113 | D:2      | XOM: cast spell 'Excruciating Wounds'
  1118 | D:2      | XOM: medium Chrm miscast
  1126 | D:2      | Killed Natasha
  1126 | D:2      | Reached XP level 4. HP: 12/35 MP: 4/4
  1301 | D:2      | XOM: cloud trail
  1334 | D:2      | XOM: harmless Necr miscast
  1519 | D:2      | Noticed Jessica
  1529 | D:2      | XOM: scenery: create altars
  1530 | D:2      | Killed Jessica
  1554 | D:2      | XOM: harmless Divn miscast
  1720 | D:2      | Noticed Natasha
  1729 | D:2      | Killed Natasha
  1729 | D:2      | Reached XP level 5. HP: 33/41 MP: 5/5
  1736 | D:2      | Learned a level 2 spell: Sticks to Snakes
  2553 | D:3      | XOM: harmless Fire miscast
  2750 | D:4      | Noticed an ogre
  2752 | D:4      | Noticed a tengu
  2752 | D:4      | an ogre changed into a tengu
  2752 | D:4      | XOM: polymorph ogre -> tengu
  2772 | D:4      | XOM: silly message
  2778 | D:4      | HP: 1/41 [something (2)]
  2782 | D:4      | Slain by a tengu

Skill      XL: |  1  2  3  4 |
---------------+-------------+-----
Long Blades    | 3 4 |  4.9
Transmutations | 1 2 |  2.1
Fighting       | |  3.2
Armour         | |  1.7
Dodging        | |  0.8

Action                   |  1- 3 |  4- 6 || total
-------------------------+-------+-------++-------
Melee: Falchion          |    85 |   124 ||   209
       Kick              |     2 |       ||     2
 Cast: Beastly Appendage |     2 |       ||     2
  Use: Scroll            |     5 |     2 ||     7
       Potion            |     2 |     6 ||     8
 Stab: Paralysed         |     4 |       ||     4
       Petrifying        |       |     1 ||     1
  Eat: Chunk             |     1 |     5 ||     6
Armor: Leather armour    |    19 |    42 ||    61
Dodge: Dodged            |    43 |    62 ||   105
       Rpst.: Falchion   |    11 |    17 ||    28
